[Event "Early-Titled-Tuesday-Blitz-March-05-2024"]
[Site "Chess.com"]
[Date "2024.03.05"]
[Round "5"]
[White "Dinosaurio_1975"]
[Black "Masterbeaterr"]
[Result "1-0"]
[WhiteElo "2588"]
[BlackElo "2441"]
[TimeControl "180+1"]
[EndTime "8:57:36 PST"]
[Termination "Dinosaurio_1975 won by resignation"]

1. e4 e5 2. Nf3 Nc6 3. Nc3 Bb4 4. Nd5 Nf6 5. Nxb4 Nxb4 6. d3 d5 7. Nxe5 dxe4 8. Be2 exd3 9. Nxd3 Nxd3+ 10. Qxd3 Qxd3 11. Bxd3 O-O 12. O-O Bg4 13. Bf4 c6 14. Rfe1 Rfe8 15. Be5 Nd5 16. Bd4 b6 17. Be4 f6 18. f3 Bd7 19.
Kf2 f5 20. Bxd5+ cxd5 21. h4 Kf7 22. Kg3 g6 23. Kf4 h6 24. c3 Bc6 25. Be5 Bb5 26.
Rad1 Bc6 27. h5 Re6 28. hxg6+ Kxg6 29. Bd4 Rae8 30. Rxe6+ Rxe6 31. Be5 h5 32. Ra1 Re8 33. a4 a6 34. a5 b5 35. g3 Bb7 36. Re1 Bc6 37.
Re3 Bb7 38. Bc7 Rxe3 39. Kxe3 d4+ 40. Kxd4 Bxf3 41. Kc5 Bb7 42. Kb6 Bc8 43. Bf4 Kf6 44. Kc7 Be6 45. Kb7 Ke7 46. Kxa6 Kd7 47. Kxb5 1-0

[Event "Early-Titled-Tuesday-Blitz-March-05-2024"]
[Site "Chess.com"]
[Date "2024.03.05"]
[Round "5"]
[White "CarlosjPineror"]
[Black "JG-17"]
[Result "1-0"]
[WhiteElo "2722"]
[BlackElo "2502"]
[TimeControl "180+1"]
[EndTime "8:57:37 PST"]
[Termination "CarlosjPineror won by resignation"]

1. e4 c5 2. Nf3 d6 3. d4 cxd4 4. Nxd4 Nf6 5. Nc3 g6 6. Be3 Nc6 7. f3 h5 8. Qd2 Nxd4 9. Bxd4 Bh6 10. Be3 Bxe3 11. Qxe3 Be6 12. Bb5+ Kf8 13. Rd1 a6 14.
Ba4 Qa5 15. Bb3 Bxb3 16. axb3 Rc8 17. O-O Qc5 18. Rd4 Kg7 19. Rfd1 b5 20. b4 Qb6 21. Kf2 Rc6 22. R1d2 Nd7 23. Nd5 Qd8 24. f4 Nb6 25. Nxb6 Qxb6 26. c3 Rhc8 27. Rd5 Qxe3+ 28. Kxe3 f6 29.
g3 Kf7 30. h3 Rd8 31. e5 fxe5 32. fxe5 Ke6 33. exd6 Rcxd6 34. Rxd6+ Rxd6 35. Rxd6+ Kxd6 36. Ke4 e5 37. b3 Ke6 38. h4 Kd6 39. c4 bxc4 40.
bxc4 Ke6 41. c5 Kf6 42. c6 Ke6 43. c7 Kd7 44. Kxe5 Kxc7 45. Kf6 Kb6 46. Kxg6 Kb5 47.
Kxh5 Kxb4 48. g4 a5 49. g5 a4 50. g6 a3 51. g7 a2 52. g8=Q a1=Q 53. Qg4+ Kc5 54. Qf5+ Kd6 55. Kg6 Ke7 56. Qf7+ Kd8 57. Qf6+ Qxf6+ 58. Kxf6 Ke8 59. Kg7 1-0

[Event "Early-Titled-Tuesday-Blitz-March-05-2024"]
[Site "Chess.com"]
[Date "2024.03.05"]
[Round "5"]
[White "Chessbard1972"]
[Black "Roman_Ovetchkin"]
[Result "1-0"]
[WhiteElo "2464"]
[BlackElo "2583"]
[TimeControl "180+1"]
[EndTime "8:57:37 PST"]
[Termination "Chessbard1972 won by resignation"]

1. d4 Nf6 2. c4 c5 3. d5 b5 4.
cxb5 a6 5. b6 g6 6. Nc3 d6 7. Nf3 Bg7 8. Nd2 Nbd7 9. e4 O-O 10.
Be2 Nxb6 11. a4 a5 12. O-O Ne8 13. Bb5 Nc7 14. Bc6 Ba6 15. Nb5 Rb8 16. Re1 e6 17.
dxe6 fxe6 18. Nf3 d5 19. exd5 exd5 20. Bg5 Bf6 21. Bxf6 Rxf6 22. Nxc7 Qxc7 23. Bxd5+ Kg7 24. Ng5 Rd8 25. Ne6+ Rxe6 26. Rxe6 Rxd5 27. Qe1 Qd8 28. Re7+ Kf8 29. Rxh7 Kg8 30. Re7 Kf8 31. Rh7 Kg8 32. Ra7 Bc8 33. h3 Nc4 34. b3 Nd2 35. Qe3 Rd3 36. Qh6 Qf6 37. Re1 1-0

[Event "Early-Titled-Tuesday-Blitz-March-05-2024"]
[Site "Chess.com"]
[Date "2024.03.05"]
[Round "5"]
[White "ChessSwole"]
[Black "jamengrand"]
[Result "1-0"]
[WhiteElo "2710"]
[BlackElo "2465"]
[TimeControl "180+1"]
[EndTime "8:57:40 PST"]
[Termination "ChessSwole won by resignation"]

1. d4 d5 2. c4 e6 3. Nf3 Nf6 4. g3 dxc4 5. Bg2 Bd7 6. Ne5 Bc6 7. Nxc6 Nxc6 8. Qa4 Qd7 9. O-O Nxd4 10. Qxc4 O-O-O 11. Nc3 Nc2 12. Rb1 Qd4 13. Qb3 Nb4 14. Be3 Qe5 15.
Bxa7 Bc5 16. Qa4 Bxa7 17. Qxa7 Nfd5 18. Nxd5 exd5 19. Rbc1 Nc6 20. Qa8+ Nb8 21. Rc2 Rhe8 22. Rfc1 Re7 23. Qa5 Nc6 24. Rxc6 bxc6 25. Qa8+ Kd7 26.
Qxc6+ Kc8 27. Qa6+ Kd7 28. Qc6+ Kc8 29. Rc3 Rd6 30.
Qa8+ Kd7 31. Bh3+ f5 32. Qb7 g6 33. Rxc7+ Ke8 34. Qb8+ Kf7 35. Rc8 Re8 36. Rxe8 Qxe8 37. Qxd6 1-0

[Event "Early-Titled-Tuesday-Blitz-March-05-2024"]
[Site "Chess.com"]
[Date "2024.03.05"]
[Round "5"]
[White "AlexPapasimakopoulos"]
[Black "Oleksandr_Bortnyk"]
[Result "0-1"]
[WhiteElo "2747"]
[BlackElo "2972"]
[TimeControl "180+1"]
[EndTime "8:57:41 PST"]
[Termination "Oleksandr_Bortnyk won by resignation"]

1. d4 Nf6 2. c4 b6 3. Nc3 Bb7 4. f3 Nc6 5. d5 Ne5 6. e4 e6 7.
Be3 Bb4 8. Rc1 Qe7 9. a3 Bc5 10. Qd2 Ba6 11. Bxc5 bxc5 12. b3 exd5 13. cxd5 Bxf1 14.
Kxf1 d6 15. Nge2 Rb8 16. Qc2 O-O 17. Kf2 c4 18. bxc4 Rb2 19. Qa4 Nd3+ 20. Ke3 Nd7 21. Rb1 N7c5 22. Qd1 Rfb8 23. Rxb2 Rxb2 24. Na4 Qg5+ 25.
f4 Qxg2 26. Nxb2 Qxe4+ 27. Kd2 Nxb2 28. Qb1 Nxc4+ 29. Kc3 Na4+ 30. Kb4 a5+ 31. Kb5 Nxa3+ 32. Kc6 Nxb1 33. Rxb1 Qxb1 0-1

[Event "Early-Titled-Tuesday-Blitz-March-05-2024"]
[Site "Chess.com"]
[Date "2024.03.05"]
[Round "5"]
[White "Coach_Istvanovszki"]
[Black "vladgoncharov"]
[Result "1-0"]
[WhiteElo "2458"]
[BlackElo "2628"]
[TimeControl "180+1"]
[EndTime "8:57:41 PST"]
[Termination "Coach_Istvanovszki won by checkmate"]

1. d4 Nf6 2. Nc3 d5 3. Bf4 c6 4.
e3 Bf5 5. f3 Bg6 6. g4 h5 7. g5 Nfd7 8. h4 Qb6 9. Rb1 e6 10.
Nge2 c5 11. Bh3 Nc6 12. Kf2 Rc8 13. Kg2 Nb4 14. Rc1 cxd4 15. Nxd4 Be7 16. a3 Nc6 17. Bxe6 fxe6 18. Nxe6 d4 19. Nd5 Qxb2 20. exd4 Kf7 21. Re1 Bxa3 22. Rb1 Qa2 23. Rxb7 Qxd5 24. c4 Qxc4 25.
Rxd7+ Ke8 26. Nc5+ Kf8 27. Bd6+ Kg8 28. Qa1 Bxc5 29.
dxc5 Bf7 30. g6 Nd8 31. Re8+ Bxe8 32. Qxg7# 1-0

[Event "Early-Titled-Tuesday-Blitz-March-05-2024"]
[Site "Chess.com"]
[Date "2024.03.05"]
[Round "5"]
[White "amelia91"]
[Black "levallem"]
[Result "1-0"]
[WhiteElo "2024"]
[BlackElo "2317"]
[TimeControl "180+1"]
[EndTime "8:57:41 PST"]
[Termination "amelia91 won on time"]

1. d4 d5 2. Nf3 Nf6 3. e3 Bg4 4. c4 dxc4 5. Bxc4 e6 6. h3 Bxf3 7. Qxf3 c6 8. Nc3 Nbd7 9. O-O Be7 10. Bd3 O-O 11. e4 e5 12. d5 cxd5 13. exd5 Nc5 14. Bc2 a5 15. Re1 Qb8 16. Bg5 Ncd7 17. Rad1 Bd6 18.
Ne4 Nxe4 19. Qxe4 f5 20. Qh4 g6 21. Be7 Rf7 22. Bg5 b5 23. f4 e4 24. g4 Qc7 25.
Rc1 Rc8 26. gxf5 gxf5 27. Kh1 Kh8 28. Rg1 Qb8 29. Qh5 Rg7 30. Bh6 1-0

[Event "Early-Titled-Tuesday-Blitz-March-05-2024"]
[Site "Chess.com"]
[Date "2024.03.05"]
[Round "5"]
[White "Goryachkina"]
[Black "banane_verte"]
[Result "1-0"]
[WhiteElo "2682"]
[BlackElo "2504"]
[TimeControl "180+1"]
[EndTime "8:57:42 PST"]
[Termination "Goryachkina won by checkmate"]

1. e4 e6 2. d4 d5 3. Nc3 Nf6 4. Bg5 dxe4 5. Nxe4 Be7 6. Bxf6 gxf6 7. Nf3 f5 8. Nc3 a6 9. g3 b5 10. Bg2 Bb7 11.
O-O c5 12. d5 b4 13. dxe6 bxc3 14. exf7+ Kf8 15. Qe2 Qb6 16. bxc3 Nd7 17. Rab1 Qc7 18.
Rxb7 Qxb7 19. Ne5 Qc7 20. Nxd7+ Qxd7 21. Bxa8 Kxf7 22. Rd1 Qc7 23. Bd5+ Kg7 24. Qxa6 Qd6 25. Qxd6 Bxd6 26. Be6 Be5 27. Bxf5 Ra8 28. Rd7+ Kf6 29.
Bxh7 Rxa2 30. Rd3 Ra3 31. c4 Ra2 32. h4 Bd4 33. Rf3+ Kg7 34. Bd3 Ra6 35. Kg2 Re6 36. Rf5 Re1 37. g4 Rd1 38. g5 Rd2 39. h5 Be3 40.
Kg3 Bd4 41. h6+ Kg8 42. g6 Bf6 43. h7+ Kg7 44. Rxf6 Rd1 45. Rf7+ Kh6 46. h8=Q+ Kg5 47. f4# 1-0

[Event "Early-Titled-Tuesday-Blitz-March-05-2024"]
[Site "Chess.com"]
[Date "2024.03.05"]
[Round "5"]
[White "iamanoush"]
[Black "publicaccountcze"]
[Result "1-0"]
[WhiteElo "2533"]
[BlackElo "2211"]
[TimeControl "180+1"]
[EndTime "8:57:44 PST"]
[Termination "iamanoush won on time"]

1. d4 Nf6 2. c4 g6 3. Nc3 d5 4. cxd5 Nxd5 5. Bd2 Bg7 6. e4 Nxc3 7. Bxc3 c5 8. d5 O-O 9. h4 e6 10. Bc4 exd5 11.
Bxd5 Bxc3+ 12. bxc3 Nd7 13. h5 Nf6 14. hxg6 hxg6 15. Qd2 Bg4 16. f3 Nxd5 17. exd5 Re8+ 18. Kf1 Bh5 19. g4 Bxg4 20. fxg4 Qf6+ 21. Kg2 Re4 22.
Ne2 Rae8 23. Ng3 Rxg4 24. Raf1 Qe5 25. Rh3 Qe2+ 26. Qxe2 Rxe2+ 27. Rf2 Rxf2+ 28. Kxf2 Ra4 29. Ke3 Rxa2 30. Ne4 b6 31. Nf6+ Kf8 32. d6 Ra1 33.
Rh8+ Kg7 34. d7 Kxh8 35. d8=Q+ Kg7 36. Ne4 Re1+ 37. Kf3 Rc1 38. Qf6+ Kg8 39. Ke2 Rc2+ 40. Kd1 Rh2 41. Ng5 Rh1+ 42. Ke2 Rh2+ 43. Kf3 Rh3+ 44. Kg4 Rf3 45. Qxf3 1-0

[Event "Early-Titled-Tuesday-Blitz-March-05-2024"]
[Site "Chess.com"]
[Date "2024.03.05"]
[Round "5"]
[White "chucksterf10"]
[Black "carlocapau"]
[Result "1-0"]
[WhiteElo "2579"]
[BlackElo "2430"]
[TimeControl "180+1"]
[EndTime "8:57:45 PST"]
[Termination "chucksterf10 won by resignation"]

1. Nf3 Nf6 2. b3 g6 3. Bb2 Bg7 4. c4 d6 5. e4 O-O 6. Bd3 e5 7. Bc2 c5 8. Nc3 Nc6 9. Nd5 Nxd5 10. cxd5 Ne7 11. d3 f5 12. a3 fxe4 13. dxe4 Bg4 14. Bd3 Bxf3 15. gxf3 Bh6 16. b4 cxb4 17. axb4 Qb6 18. b5 Rf7 19. Be2 Kh8 20. h4 Bf4 21.
Bc3 Ng8 22. h5 g5 23. Ba5 Qc5 24. Qb3 Nf6 25. Bb4 Qb6 26. Ba5 Qc5 27. Bb4 Qc7 28.
Qa3 Rd7 29. Ba5 Qc2 30. Bd3 Qc8 31. Ke2 Qe8 32. Bb4 g4 33. fxg4 Nxg4 34. Bxd6 Bh6 35. Rag1 Rg7 36. Qc3 Bf4 37. Rh4 Qd7 38. h6 Rg6 39.
Rhxg4 Qxd6 40. Rxg6 hxg6 41. Rg4 Bxh6 42. f4 Bg7 43. f5 gxf5 44. exf5 Rf8 45. Be4 Rf6 46. Qc8+ Rf8 47. Qxb7 Bh6 48. f6 1-0

[Event "Early-Titled-Tuesday-Blitz-March-05-2024"]
[Site "Chess.com"]
[Date "2024.03.05"]
[Round "5"]
[White "Shivananda1964"]
[Black "Bilan_Danila"]
[Result "0-1"]
[WhiteElo "2342"]
[BlackElo "2542"]
[TimeControl "180+1"]
[EndTime "8:57:45 PST"]
[Termination "Bilan_Danila won on time"]

1. e4 c6 2. d4 d5 3. f3 e6 4. Nc3 Bb4 5. a3 Bxc3+ 6. bxc3 dxe4 7. Bc4 Nf6 8. Bg5 Qa5 9. Qd2 exf3 10. gxf3 Nd5 11. Ne2 Nd7 12. O-O O-O 13. Kh1 e5 14.
Rg1 Kh8 15. Bh6 Rg8 16. Qg5 g6 17. Bxd5 Qxd5 18. Rg3 exd4 19. Qxd5 cxd5 20. cxd4 Re8 21. Nf4 Nb6 22. h3 Bf5 23. Rb1 Rac8 0-1

[Event "Early-Titled-Tuesday-Blitz-March-05-2024"]
[Site "Chess.com"]
[Date "2024.03.05"]
[Round "5"]
[White "AA95"]
[Black "thebeast2900"]
[Result "1-0"]
[WhiteElo "2503"]
[BlackElo "2311"]
[TimeControl "180+1"]
[EndTime "8:57:47 PST"]
[Termination "AA95 won on time"]

1. d4 d5 2. Nf3 Nf6 3. c4 e6 4. Nc3 c6 5. e3 Bb4 6. Bd3 O-O 7. O-O b6 8. Qc2 Ba6 9. cxd5 Bxd3 10. Qxd3 cxd5 11.
Bd2 Nc6 12. Rfc1 Rc8 13. Nb5 Bxd2 14. Nxd2 Qd7 15. Qa3 Na5 16. Qb4 a6 17. Nc3 Rc6 18.
Na4 Rb8 19. Nc5 Qa7 20. Nd3 Nc4 21. Nxc4 dxc4 22. Rxc4 Rxc4 23. Qxc4 b5 24. Qc5 Qb7 25. Rc1 g6 26. Qe5 Nd5 27. Nc5 1-0

[Event "Early-Titled-Tuesday-Blitz-March-05-2024"]
[Site "Chess.com"]
[Date "2024.03.05"]
[Round "5"]
[White "TheCavemanChess"]
[Black "Matalon"]
[Result "1-0"]
[WhiteElo "2716"]
[BlackElo "2486"]
[TimeControl "180+1"]
[EndTime "8:57:48 PST"]
[Termination "TheCavemanChess won by resignation"]

1. Nf3 Nf6 2. g3 g6 3. Bg2 Bg7 4. O-O d6 5. d4 O-O 6. c4 Nc6 7. Nc3 Bg4 8. h3 Bxf3 9. Bxf3 Nd7 10. e3 e5 11. dxe5 Ndxe5 12. Bd5 Ne7 13. Bxb7 Rb8 14. Bg2 Nxc4 15. Qe2 Na5 16. Rd1 c6 17. e4 Qc7 18.
Bf4 Rfd8 19. Rac1 Be5 20. Bg5 c5 21. b3 Nac6 22. Nd5 Qb7 23. Nxe7+ Nxe7 24. f4 Bd4+ 25. Kh2 Qd7 26. Rxd4 cxd4 27. Bf6 Qe6 28. Bxd4 Rdc8 29. Rd1 Nc6 30. Ba1 Re8 31. Qb2 f6 32. e5 Qf5 33.
Bxc6 fxe5 34. Bxe8 Rxe8 35. Rxd6 Qe4 36. Rd2 h5 37.
Re2 Qf3 38. Rxe5 Rxe5 39. fxe5 h4 40. Qg2 hxg3+ 41. Qxg3 Qe2+ 42. Qg2 Qe1 43. Qxg6+ 1-0

[Event "Early-Titled-Tuesday-Blitz-March-05-2024"]
[Site "Chess.com"]
[Date "2024.03.05"]
[Round "5"]
[White "Road2GM3000"]
[Black "HATilay"]
[Result "0-1"]
[WhiteElo "2503"]
[BlackElo "2680"]
[TimeControl "180+1"]
[EndTime "8:57:48 PST"]
[Termination "HATilay won by checkmate"]

1. d4 Nf6 2. c4 e6 3. Nc3 Bb4 4. Nf3 O-O 5. Bg5 c5 6. e3 b6 7. Bd3 Bb7 8. Qc2 h6 9. Bh4 d5 10. cxd5 exd5 11. O-O Nbd7 12. Ne5 Bxc3 13. Nxd7 Qxd7 14.
Bxf6 Ba5 15. Be5 c4 16. Bf5 Qe7 17. a4 Bc8 18. Bh7+ Kh8 19. Qb1 Be6 20. Bc2 f6 21. Bg3 Bg8 22. Rd1 a6 23. e4 dxe4 24. Bxe4 Rad8 25.
d5 f5 26. Bf3 f4 27. d6 Qf6 28.
Ra3 fxg3 29. hxg3 Rxd6 30. Rc1 Bd5 31. Bxd5 Qxf2+ 32. Kh2 Rxd5 33. Rxc4 Rh5+ 34. Rh4 Rxh4+ 35. gxh4 Bb4 36. Rh3 Bd6+ 37. Kh1 Qf1+ 38. Qxf1 Rxf1# 0-1

[Event "Early-Titled-Tuesday-Blitz-March-05-2024"]
[Site "Chess.com"]
[Date "2024.03.05"]
[Round "5"]
[White "GM4life"]
[Black "GoltsevDmitry2000"]
[Result "1-0"]
[WhiteElo "2498"]
[BlackElo "2695"]
[TimeControl "180+1"]
[EndTime "8:57:49 PST"]
[Termination "GM4life won by checkmate"]

1. d4 e6 2. Nf3 Nf6 3. c4 b6 4.
g3 Ba6 5. b3 Bb4+ 6. Bd2 Be7 7.
Bg2 d5 8. cxd5 exd5 9. Nc3 O-O 10. O-O Nbd7 11. Qc2 c5 12. Bf4 Rc8 13. Rac1 cxd4 14. Nxd4 Ne4 15. Qb2 Ndf6 16. Nxe4 dxe4 17. Nc6 Qd7 18.
Rfd1 Qxc6 19. Rxc6 Rxc6 20. Rc1 Rxc1+ 21. Qxc1 Bxe2 22.
Qc7 Bc5 23. h3 Bd3 24. Bg5 Nd5 25. Qxa7 Nc3 26. Be3 Bxe3 27. fxe3 Nd5 28. Qb7 Rd8 29. Kf2 f5 30. a4 h6 31. h4 Nf6 32. Bh3 Rf8 33. Qxb6 Kh8 34. Qd6 Rc8 35. Bxf5 Rc2+ 36.
Kg1 Rc1+ 37. Kg2 Rc2+ 38. Kg1 Rc1+ 39. Kf2 Rc2+ 40. Ke1 Rc1+ 41. Kd2 Rc2+ 42. Kd1 Rb2 43. Qd8+ Ng8 44. Be6 Rb1+ 45. Kd2 Rb2+ 46. Kc3 Rc2+ 47.
Kb4 Kh7 48. Qxg8+ Kg6 49. Qf7+ Kh7 50. Bf5+ Kh8 51. Qf8# 1-0

[Event "Early-Titled-Tuesday-Blitz-March-05-2024"]
[Site "Chess.com"]
[Date "2024.03.05"]
[Round "5"]
[White "Kunalm64"]
[Black "GMSrinath"]
[Result "1/2-1/2"]
[WhiteElo "2625"]
[BlackElo "2810"]
[TimeControl "180+1"]
[EndTime "8:57:52 PST"]
[Termination "Game drawn by repetition"]

1. e4 e5 2. Nf3 Nc6 3. Bb5 Nge7 4. c3 d5 5. d4 exd4 6. Qxd4 Bd7 7. Bxc6 Bxc6 8.
Ne5 dxe4 9. Nxc6 Nxc6 10. Qxe4+ Qe7 11. Qxe7+ Bxe7 12. Bf4 O-O-O 13. Nd2 Rhe8 14. O-O-O g5 15. Bg3 f5 16. f4 g4 17. Nc4 h5 18. Rxd8+ Rxd8 19.
Rd1 Rh8 20. Bf2 h4 21. Ne3 Rf8 22. Rd5 Bd6 23. g3 Ne7 24. Rd1 h3 25. Nc4 Rf6 26.
Bd4 Re6 27. Be5 Bxe5 28. Nxe5 c6 29. c4 Ng6 30. Nxg6 Rxg6 31. Re1 Kd7 32. Re5 Rf6 33. Kc2 Re6 34. Rxe6 Kxe6 35. Kd3 c5 36. Kc3 Kd6 37. Kd3 Ke6 38. Ke3 Kd6 39. Kd3 Ke6 1/2-1/2

[Event "Early-Titled-Tuesday-Blitz-March-05-2024"]
[Site "Chess.com"]
[Date "2024.03.05"]
[Round "5"]
[White "chess123456s"]
[Black "Chernov_Alexander_A"]
[Result "1-0"]
[WhiteElo "2549"]
[BlackElo "2352"]
[TimeControl "180+1"]
[EndTime "8:57:52 PST"]
[Termination "chess123456s won on time"]

1. e4 d6 2. d4 Nf6 3. Nc3 Nbd7 4. f4 e5 5. Nf3 exd4 6. Qxd4 c6 7. Be3 d5 8. exd5 Bc5 9. Qd2 Qe7 10. Ne5 Nxe5 11. Bxc5 Nf3+ 12. Kd1 Qxc5 13. gxf3 O-O 14. Ne4 Nxe4 15. fxe4 cxd5 16. e5 Bg4+ 17. Kc1 Rac8 18. Bd3 Bf3 19. Rf1 Be4 20. a4 Rc7 21. Ra3 Rfc8 22.
Rc3 Qe7 23. Rxc7 Qxc7 24. Bxe4 dxe4 25. Re1 Qc4 26. Kb1 Qxa4 27. b3 Qc6 28. f5 Re8 29. Qd4 g6 30. f6 b5 31. Qd2 Qc5 32. Rxe4 Qf8 33. Kb2 h6 34. h4 Kh7 35. h5 gxh5 36. Qd3 1-0

[Event "Early-Titled-Tuesday-Blitz-March-05-2024"]
[Site "Chess.com"]
[Date "2024.03.05"]
[Round "5"]
[White "Hikaru"]
[Black "Zhigalko_Sergei"]
[Result "1-0"]
[WhiteElo "3277"]
[BlackElo "2897"]
[TimeControl "180+1"]
[EndTime "8:57:54 PST"]
[Termination "Hikaru won on time"]

1. h3 d5 2. d4 Nf6 3. Nf3 c5 4. e3 Nc6 5. Bd3 Qc7 6. c4 dxc4 7. Bxc4 e6 8. Nc3 a6 9. a3 b5 10. Ba2 Bb7 11. O-O Rd8 12. Qe2 Be7 13. dxc5 Bxc5 14.
b4 Be7 15. Bb2 O-O 16. Rac1 Qb8 17. Bb1 Nd7 18. Ne4 Nce5 19. Nxe5 Nxe5 20. Nc5 Nc4 21. Bd4 Bxc5 22. Bxc5 Rfe8 23. a4 Qe5 24. axb5 axb5 25. Rfd1 h6 26. Qg4 Qg5 27. Qxg5 hxg5 28. Rxd8 Rxd8 29. Be7 Rd5 30. Ba2 f6 31. Bxc4 bxc4 32. Rxc4 Rd1+ 33. Kh2 Rd2 34. Kg3 Ba6 35. Rc6 1-0

[Event "Early-Titled-Tuesday-Blitz-March-05-2024"]
[Site "Chess.com"]
[Date "2024.03.05"]
[Round "5"]
[White "Rosh1610"]
[Black "BeautiFullMindChess"]
[Result "0-1"]
[WhiteElo "2418"]
[BlackElo "2306"]
[TimeControl "180+1"]
[EndTime "8:57:55 PST"]
[Termination "BeautiFullMindChess won by checkmate"]

1. e4 c5 2. Nf3 Nc6 3. d4 cxd4 4. Nxd4 Nf6 5. Nc3 e5 6. Ndb5 d6 7. Bg5 a6 8. Na3 b5 9. Nd5 Be7 10. Bxf6 Bxf6 11. c3 Bb7 12. Nc2 Nb8 13. Nce3 Nd7 14.
Be2 Bg5 15. Nf5 O-O 16. Nxd6 Bxd5 17. Qxd5 Nb6 18. Qd3 Na4 19. Rb1 Qb6 20. Nf5 Rad8 21. Qg3 Bd2+ 22. Kf1 g6 23. Ne7+ Kg7 24. Nd5 Qe6 25. h4 f5 26. h5 fxe4 27. hxg6 hxg6 28. Ne3 Nc5 29. Bg4 Qf6 30. Ke2 Bxe3 31. Qxe3 Nd3 32.
Rbf1 Nf4+ 33. Ke1 Nxg2+ 34. Ke2 Nxe3 35. fxe3 Qg5 36. Rfg1 Qf6 37. Bh5 Qf2# 0-1

[Event "Early-Titled-Tuesday-Blitz-March-05-2024"]
[Site "Chess.com"]
[Date "2024.03.05"]
[Round "5"]
[White "StankovicIvan"]
[Black "FoggyMorning"]
[Result "1-0"]
[WhiteElo "2527"]
[BlackElo "2699"]
[TimeControl "180+1"]
[EndTime "8:57:56 PST"]
[Termination "StankovicIvan won by resignation"]

1. e4 e6 2. d3 c5 3. g3 Nc6 4. Bg2 g6 5. c4 Bg7 6. Nc3 Nge7 7. Nge2 O-O 8. O-O Rb8 9. Be3 d6 10. d4 cxd4 11. Nxd4 a6 12. Rc1 Bd7 13. Qd2 Qc7 14. Rfd1 Rfd8 15. b3 Be8 16. Nd5 exd5 17.
cxd5 Qa5 18. dxc6 Qxd2 19. Rxd2 bxc6 20. Rcd1 d5 21. Bg5 f6 22. Bf4 Rbc8 23. Ne6 Rd7 24. exd5 cxd5 25. Be3 Bf7 26. Nc5 Rdc7 27. Nxa6 Rc2 28.
h4 f5 29. Rxc2 Rxc2 30. Nb4 Rb2 31. Bc5 Nc8 32. Bxd5 Bxd5 33. Rxd5 Bf6 34. Bd4 Rb1+ 35.
Kg2 Be7 36. Nc6 Bf8 37. Rd8 Nd6 38. Bc5 Rd1 39. b4 Kf7 40. a4 Be7 41. Rd7 Ke6 42. Rxe7+ Kd5 43. Rd7 Kxc6 44. Rxd6+ Rxd6 45. Bxd6 Kxd6 46. Kf3 1-0

[Event "Early-Titled-Tuesday-Blitz-March-05-2024"]
[Site "Chess.com"]
[Date "2024.03.05"]
[Round "5"]
[White "Statham_01"]
[Black "chezzgirl04"]
[Result "1-0"]
[WhiteElo "2529"]
[BlackElo "2140"]
[TimeControl "180+1"]
[EndTime "8:57:56 PST"]
[Termination "Statham_01 won by checkmate"]

1. e4 e5 2. Nf3 Nc6 3. d4 exd4 4. c3 dxc3 5. Bc4 Nf6 6. Nxc3 Bb4 7. O-O O-O 8. Bg5 h6 9. Bh4 g5 10. Nxg5 hxg5 11.
Bxg5 Bxc3 12. bxc3 Ne5 13. Bb3 d6 14. f4 Bg4 15.
Qe1 Ned7 16. Qg3 Nxe4 17. Qxg4 Nxg5 18. Rae1 a5 19. fxg5 Ne5 20. Rxe5 dxe5 21. g6 Qd6 22. g7 Rfd8 23. Bxf7+ Kh7 24. g8=Q+ Rxg8 25. Bxg8+ Rxg8 26. Rf7+ Kh6 27. Qh4+ Kg6 28. Qh7+ Kg5 29. Rf5+ Kg4 30. Qh3# 1-0

[Event "Early-Titled-Tuesday-Blitz-March-05-2024"]
[Site "Chess.com"]
[Date "2024.03.05"]
[Round "5"]
[White "mfschulz"]
[Black "effefe"]
[Result "1-0"]
[WhiteElo "2275"]
[BlackElo "2400"]
[TimeControl "180+1"]
[EndTime "8:57:56 PST"]
[Termination "mfschulz won by resignation"]

1. d4 Nf6 2. Bg5 c5 3. d5 Qb6 4.
Nc3 Qxb2 5. Bd2 Qb6 6. e4 d6 7. f4 g6 8. Nf3 Bg7 9. Rb1 Qd8 10. Bb5+ Nfd7 11. e5 a6 12. Bxd7+ Nxd7 13. e6 fxe6 14. dxe6 Nf8 15. Ng5 Nxe6 16. Nxe6 Bxe6 17.
Rxb7 O-O 18. O-O Bd4+ 19. Kh1 Rb8 20. Rxb8 Qxb8 21. Qe2 Qc8 22. Re1 Bf7 23. Qxe7 Re8 24. Qxd6 Rxe1+ 25. Bxe1 Qe8 26. Bd2 h5 27. h3 Kh7 28. f5 gxf5 29. Qh6+ Kg8 30. Qg5+ Bg6 31. Nd5 Kf7 32. c3 Qe6 33. Nf4 Qf6 34. Qxg6+ Qxg6 35. Nxg6 Bf6 36. Nf4 h4 37. Nd5 Be5 38. Kg1 Ke6 39. Ne3 Kd6 40. Nc4+ Kd5 41. Nxe5 Kxe5 42. Bg5 Ke4 43. Bxh4 Kd3 44. Bf6 Kc2 45. h4 a5 46.
h5 a4 47. h6 a3 48. h7 Kb2 49. h8=Q Kxa2 50. Qa8 Kb3 51. Qb7+ Kc2 52. c4 a2 53. Qb2+ Kd3 54. Qxa2 1-0

[Event "Early-Titled-Tuesday-Blitz-March-05-2024"]
[Site "Chess.com"]
[Date "2024.03.05"]
[Round "5"]
[White "KanalSzachowy"]
[Black "AlexandraSamaganova"]
[Result "1-0"]
[WhiteElo "2453"]
[BlackElo "2296"]
[TimeControl "180+1"]
[EndTime "8:57:57 PST"]
[Termination "KanalSzachowy won on time"]

1. e4 c5 2. Nc3 e6 3. Nf3 a6 4. d4 cxd4 5. Nxd4 b5 6. Bd3 Qb6 7. Nf3 Bb7 8. O-O Nf6 9. e5 Nd5 10. Ne4 Be7 11. Nfg5 Nc6 12. Nf3 Qc7 13. Re1 O-O 14.
Bg5 f5 15. exf6 Nxf6 16. c3 Rae8 17. Qc2 Nd5 18. Bxe7 Ncxe7 19. Rad1 Nf4 20. Bf1 Neg6 21. g3 Nd5 22. Bg2 Nf6 23. Nd6 Rb8 24. Nxb7 Rxb7 25.
h4 Rb6 26. h5 Nxh5 27. Qd3 Qc5 28. Qxd7 Nxg3 29. b4 Qxc3 30. fxg3 Rxf3 31. Qd8+ Rf8 32.
Qxb6 Qxg3 33. Qxe6+ Kh8 34. Qe3 Qg4 35. Rd4 Qc8 36.
Re4 Qb8 37. Re8 1-0

[Event "Early-Titled-Tuesday-Blitz-March-05-2024"]
[Site "Chess.com"]
[Date "2024.03.05"]
[Round "5"]
[White "tusplingher"]
[Black "atbenina64"]
[Result "0-1"]
[WhiteElo "2445"]
[BlackElo "2729"]
[TimeControl "180+1"]
[EndTime "8:57:59 PST"]
[Termination "atbenina64 won by resignation"]

1. e4 c5 2. Nf3 d6 3. Bb5+ Bd7 4. Bxd7+ Nxd7 5. O-O Ngf6 6. Re1 e6 7. c3 Be7 8. d4 O-O 9. h3 b5 10. a4 a6 11. Bf4 Qb6 12. Nbd2 Rfc8 13. e5 dxe5 14. Nxe5 Nxe5 15. Bxe5 Nd7 16. dxc5 Nxc5 17. axb5 Nd3 18. Bd4 Qxb5 19. Re3 Nxb2 20. Qg4 Bf8 21. Rb1 Rab8 22.
c4 Qd7 23. Rg3 f5 24. Qf4 Nd3 25. Rxd3 Rxb1+ 26. Nxb1 Rxc4 27. Rd1 Bc5 28. Qb8+ Kf7 29. Bxc5 Qxd1+ 30. Kh2 Rxc5 31. Qa7+ Kg6 32. Qxc5 Qxb1 33. Qe7 Qb6 34. Qe8+ Kh6 35. Qe7 Qxf2 36. Qxe6+ g6 37. Qxa6 Kg5 38. Qc4 Qf4+ 39. Qxf4+ Kxf4 40. Kg1 Kg3 0-1

[Event "Early-Titled-Tuesday-Blitz-March-05-2024"]
[Site "Chess.com"]
[Date "2024.03.05"]
[Round "5"]
[White "xakevicius91"]
[Black "MyDream003"]
[Result "0-1"]
[WhiteElo "2567"]
[BlackElo "2769"]
[TimeControl "180+1"]
[EndTime "8:58:00 PST"]
[Termination "MyDream003 won on time"]

1. e4 c6 2. d4 d5 3. e5 Bf5 4.
Nd2 e6 5. Nb3 Nd7 6. Nf3 h6 7.
Be2 Ne7 8. O-O Qc7 9. a4 g5 10. Bd2 Ng6 11. a5 f6 12. exf6 Bd6 13. h3 Nxf6 14.
c4 O-O 15. Ne1 Nh4 16. Be3 dxc4 17. Bxc4 Nd5 18. Bd2 Rf7 19. Qh5 Kg7 20. Qe2 Raf8 21. Nc5 e5 22. Bxd5 cxd5 23. Rc1 Qe7 24. Be3 e4 25. b4 Bb8 26. b5 Bxh3 27. gxh3 Rf3 28.
Nxf3 exf3 29. Qd3 Qd6 30. Ne6+ Qxe6 0-1